 Dungeon Crawl Stone Soup version 0.29.1-15-g9cfb28693d (webtiles) character file.

Game seed: 15286931086075751944

879 buriedalive the Frost Mage (level 7, -4/37 HPs)
             Began as a Deep Elf Ice Elementalist on Apr 20, 2023.
             Was a Follower of Vehumet.
             Slain by an ice beast (9 damage)
             ... on level 5 of the Dungeon.
             The game lasted 00:13:56 (7315 turns).

buriedalive the Frost Mage (DEIE)                   Turns: 7315, Time: 00:13:57

Health: -4/37      AC:  3    Str: 12    XL:     7   Next: 75%
Magic:  15/18      EV: 23    Int: 22    God:    Vehumet [*.....]
Gold:   279        SH:  0    Dex: 19    Spells: 9/18 levels left

rFire   . . .      SeeInvis .   h - +0 dagger
rCold   . . .      Faith    .   (no shield)
rNeg    . . .      Spirit   .   a - +1 robe
rPois   .          Reflect  .   z - +0 hat
rElec   .          Harm     .   (no cloak)
rCorr   .          Rampage  .   (no gloves)
Will    .....                   (no boots)
Stlth   ++........              (no amulet)
HPRegen 0.12/turn               d - ring "Laeta Ezid" {EV+4 Str+7 Dex+4}
MPRegen 0.16/turn               w - +4 ring of evasion

@: freezing walls
A: no striking features
a: Renounce Religion


You were on level 5 of the Dungeon.
You worshipped Vehumet.
Vehumet was aware of your devotion.
You visited 1 branch of the dungeon, and saw 5 of its levels.

You collected 279 gold pieces.

Inventory:

Hand Weapons
 h - a +0 dagger (weapon)
Missiles
 g - 3 atropa-tipped darts
 i - 15 stones
 r - 4 poisoned darts
 s - 2 throwing nets
Armour
 a - a +1 robe (worn)
 z - a +0 hat (worn)
Jewellery
 d - the ring "Laeta Ezid" (left hand) {EV+4 Str+7 Dex+4}
   (You acquired it on level 2 of the Dungeon)

   [ring of evasion]

   EV:        It affects your evasion (+4).
   Str:       It affects your strength (+7).
   Dex:       It affects your dexterity (+4).
 f - a +6 ring of intelligence
 j - an amulet of faith
 t - a ring of positive energy
 w - a +4 ring of evasion (right hand)
 x - a +6 ring of intelligence
Scrolls
 e - 4 scrolls of identify
 l - a scroll of noise {unknown}
 p - a scroll of blinking
 u - a scroll of poison {unknown}
 y - a scroll of fear
Potions
 b - a potion of magic
 c - a potion of lignification
 k - a potion of attraction
 m - a potion of invisibility
 n - 2 potions of curing {unknown}
 o - a potion of resistance {unknown}
 q - a potion of might
 v - a potion of flight {unknown}
 A - a potion of heal wounds {unknown}


   Skills:
 - Level 0.7 Fighting
 - Level 0.9 Short Blades
 + Level 5.8 Dodging
 - Level 2.4 Stealth
 - Level 0.2 Unarmed Combat
 - Level 6.1 Spellcasting
 + Level 8.0 Ice Magic


You had 9 spell levels left.
You knew the following spells:

 Your Spells              Type           Power      Damage    Failure   Level
a - Freeze                Ice            100%       1d11      1%          1
b - Ozocubu's Armour      Ice            42%        N/A       1%          3
c - Frozen Ramparts       Ice            84%        1d13      1%          3
d - Ensorcelled Hibernat  Hex/Ice        48%        N/A       2%          2

Your spell library contained the following spells:

 Spells                   Type           Power      Damage    Failure   Level
 Foxfire                  Conj/Fire      24%        2x1d5     9%          1
 Hailstorm                Conj/Ice       24%        3d7       17%         4
 Call Canine Familiar     Summ           6%         N/A       26%         3
 Portal Projectile        Hex/Tloc       12%        N/A       26%         3
 Spider Form              Tmut/Pois      6%         N/A       26%         3
 Anguish                  Hex/Necr       3%         N/A       65%         4
 Leda's Liquefaction      Hex/Erth       3%         N/A       65%         4


Dungeon Overview and Level Annotations

Branches:
Dungeon (5/15)
 Temple: D:4-7

Altars:
Trog
Vehumet
Wu Jian
Xom


Message History

You start resting.
HP restored.
Memorise Ensorcelled Hibernation, consuming 2 spell levels and leaving 9?
You start memorising the spell.
You continue memorising. x2
You finish memorising.
Spell assigned to 'd'.
Casting: Freeze (safe; 1% risk of failure)
Confirm with . or Enter, or press ? or * to list all spells.
You can't see any susceptible monsters within range! (Use Z to cast anyway.) Unknown command.
Unknown command.
Casting: Freeze (safe; 1% risk of failure)
Confirm with . or Enter, or press ? or * to list all spells.
You can't see any susceptible monsters within range! (Use Z to cast anyway.) Unknown command.
Unknown command.
You see here a +2 helmet.
You see here a +0 dagger.
The helpless ice beast fails to defend itself.
You puncture the ice beast!
The ice beast is heavily wounded.
The ice beast hits you. The ice beast freezes you!
You hit the ice beast but do no damage.
The ice beast is heavily wounded.
The ice beast hits you. The ice beast freezes you!
* * * LOW HITPOINT WARNING * * *
Casting: Freeze (safe; 1% risk of failure)
Confirm with . or Enter, or press ? or * to list all spells.
You can't see any susceptible monsters within range! (Use Z to cast anyway.) Unknown command.
Casting: Freeze (safe; 1% risk of failure)
Confirm with . or Enter, or press ? or * to list all spells.
Casting: Frozen Ramparts (safe; 1% risk of failure)
Press: ? - help, Dir - look around, f - activate The walls around you are covered in ice.
The ice beast completely resists.
The wall freezes the ice beast but does no damage.
The ice beast hits you.
* * * LOW HITPOINT WARNING * * *
The ice beast freezes you!
You die...

...#### #.## ####......†
...########.# #<..........
..##........# ###.###.......
..##........# ....##.......
...........># ### ....####.#...
............# #.. >........#.##
............#.#.#####....#####...
............#...Y#.......#.###...
##.....###### #.@#.#.....#.......
##.....# #....#.....#.......
#......# #####.####.#.#.####....
#.#########.....# #.#.#.........
#.#...##<....#### #.#.#.........
#.###.##......).####.#.......####
#.....##.....[#.##...###.#####.
##...###......#..))####......>..
##...###........#.....#..#####..


You could see an ice beast.

Vanquished Creatures
  A black bear (D:4)
  3 ogres
  A phantom (D:2)
  A necrophage (D:3)
  A hound (D:4)
  An orc priest (D:5)
  3 iguanas (D:5)
  2 orc wizards
  4 gnolls
  5 adders
  An ufetubus (D:5)
  2 worms
  7 dart slugs
  12 orcs
  10 ball pythons
  4 endoplasms
  3 giant cockroaches
  13 goblins
  4 hobgoblins
  9 jackals
  2 quokkas
  8 bats
  3 frilled lizards
  5 kobolds
  10 rats
115 creatures vanquished.

Vanquished Creatures (others)
  A wizard (D:3)
  5 fungi (D:1)
  A plant (D:1)
7 creatures vanquished.

Grand Total: 122 creatures vanquished

Notes
Turn   | Place    | Note
-------+----------+-------------------------------------------
     0 | D:1      | buriedalive the Deep Elf Ice Elementalist began the quest
                  | for the Orb.
     0 | D:1      | Reached XP level 1. HP: 10/10 MP: 6/6
   436 | D:1      | Reached XP level 2. HP: 8/16 MP: 6/8
   702 | D:1      | Found a faded altar of an unknown god.
  1379 | D:1      | Reached skill level 5 in Ice Magic
  1412 | D:1      | Reached XP level 3. HP: 13/20 MP: 7/10
  3166 | D:1      | Learned a level 3 spell: Ozocubu's Armour
  3170 | D:1      | Learned a level 3 spell: Frozen Ramparts
  3354 | D:1      | Reached XP level 4. HP: 6/24 MP: 2/12
  4406 | D:2      | Noticed a phantom
  4425 | D:2      | Killed a phantom
  4426 | D:2      | Reached skill level 5 in Spellcasting
  4426 | D:2      | Reached XP level 5. HP: 18/28 MP: 7/14
  4820 | D:2      | Identified a scroll of acquirement
  4820 | D:2      | Acquired the ring "Laeta Ezid" {EV+4 Str+7 Dex+4}
  4887 | D:3      | Reached skill level 6 in Ice Magic
  5015 | D:3      | Found a radiant altar of Vehumet.
  5111 | D:3      | Became a worshipper of Vehumet
  5281 | D:3      | Reached XP level 6. HP: 33/33 MP: 4/16
  5555 | D:3      | Found a bloodstained altar of Trog.
  5565 | D:3      | Noticed a wizard
  5568 | D:3      | Killed a wizard
  5958 | D:4      | Reached skill level 7 in Ice Magic
  5958 | D:4      | Reached XP level 7. HP: 37/37 MP: 11/18
  6267 | D:4      | Found a shimmering altar of Xom.
  6556 | D:5      | Entered Level 5 of the Dungeon
  6557 | D:5      | Found an ornate altar of the Wu Jian Council.
  6582 | D:5      | Reached * piety under Vehumet
  6582 | D:5      | Offered knowledge of Foxfire by Vehumet.
  6855 | D:5      | Reached skill level 5 in Dodging
  7087 | D:5      | Reached skill level 8 in Ice Magic
  7262 | D:5      | Learned a level 2 spell: Ensorcelled Hibernation
  7315 | D:5      | Slain by an ice beast

Illustrated notes

Levels and vault maps discovered:
D:1:      dpeg_arrival_signposts, layout_basic,
          shapermc_ecumenical_altar_mp_urbaneastern, chequers_big_river
D:2:      layout_loops_ring
D:3:      layout_rooms, trog_wizard, nicolae_vehumet_radiance,
          serial_corexii_hall, chequers_hall_statues_corner_a,
          corexii_hall_statues_u
D:4:      layout_rooms, mainiacjoe_overflow_alcove_4, serial_bayou_lagoon_a,
          grunt_ministairs_14, kennysheep_generic_room_13
D:5:      layout_basic, nicolae_overflow_crystal_walls

Skill      XL: |  1  2  3  4  5  6  7 |
---------------+----------------------+-----
Ice Magic      | 5 6 7 8 |  8.0
Spellcasting   | 4 5 6 |  6.1
Dodging        | 3 4 5 |  5.8
Fighting       | |  0.7
Short Blades   | |  0.9
Stealth        | |  2.4
Unarmed Combat | |  0.2

Action                   |  1- 3 |  4- 6 |  7- 9 || total
-------------------------+-------+-------+-------++-------
Melee: Unarmed           |    20 |       |       ||    20
       Dagger            |     4 |    61 |    17 ||    82
       Punch             |       |     1 |       ||     1
 Cast: Freeze            |    53 |    31 |    16 ||   100
       Frozen Ramparts   |     2 |    16 |     9 ||    27
       Ozocubu's Armour  |     1 |     4 |     3 ||     8
  Use: Scroll            |     5 |     6 |       ||    11
       Potion            |       |     3 |       ||     3
 Stab: Sleeping          |     2 |     6 |     3 ||    11
       Invisible         |       |     1 |       ||     1
       Distracted        |       |     1 |       ||     1
Armor: Robe              |    17 |    12 |     2 ||    31
Dodge: Dodged            |    59 |    68 |    23 ||   150
